 Dungeon Crawl Stone Soup version 0.25-a0-566-g062765be81 (webtiles) character file.

Game seed: 14634792413134525710, levelgen mode: deterministic

108 kae the Vexing (level 4, -5/19 HPs)
             Began as a Felid Enchanter on Feb 27, 2020.
             Killed by divine providence
             ... invoked by an orc priest
              (13 damage)
             ... on level 3 of the Dungeon.
             The game lasted 00:03:27 (3284 turns).

kae the Vexing (Felid Enchanter)                    Turns: 3284, Time: 00:03:28

Health: -5/19      AC:  1    Str:  5    XL:     4   Next: 58%
Magic:  4/9        EV: 18    Int: 16    God:
Gold:   78         SH:  0    Dex: 16    Spells: 2/8 levels left
                                        Lives:  0   Deaths: 1

rFire    . . .     SeeInvis +     - Unarmed
rCold    . . .     Gourm    .   (shield unavailable)
rNeg     . . .     Faith    .   (armour unavailable)
rPois    .         Spirit   .   (helmet unavailable)
rElec    .         Reflect  .   (cloak unavailable)
rCorr    .         Harm     .   (gloves unavailable)
MR       .....                  (boots unavailable)
Stlth    +++.......             (no amulet)
HPRegen  0.06/turn              (no ring)
MPRegen  0.11/turn              (no ring)

@: very slightly contaminated, quick
A: very small, no armour, no weapons or thrown items, stealth, claws 1, fangs 3,
see invisible, carnivore, speed 1, shaggy fur 1, slow metabolism 1, sharp paws
a: no special abilities


You were on level 3 of the Dungeon.
You were not hungry.

You visited 1 branch of the dungeon, and saw 3 of its levels.

You collected 78 gold pieces.

Inventory:

Jewellery
 j - an uncursed ring of ice {unknown}
 m - an uncursed amulet of magic regeneration {unknown}
 o - an uncursed ring of flight {unknown}
Scrolls
 a - 3 scrolls of teleportation
 c - a scroll of amnesia
 d - 4 scrolls of remove curse
 g - a scroll of magic mapping
 i - 3 scrolls of identify {unknown}
 l - 2 scrolls of enchant armour {unknown}
 p - a scroll of fog
Potions
 f - 2 potions of haste {unknown}
 h - a potion of degeneration {unknown}
 k - 2 potions of curing {unknown}
 n - 2 potions of heal wounds {unknown}
Comestibles
 b - 10 rations


   Skills:
 + Level 1.7 Fighting
 - Level 2.6 Dodging
 + Level 5.0 Stealth
 * Level 3.1 Unarmed Combat
 + Level 2.7 Spellcasting
 + Level 5.2 Hexes


You had 2 spell levels left.
You knew the following spells:

 Your Spells              Type           Power        Failure   Level  Hunger
a - Corona                Hex            ###....      2%          1    #......
b - Ensorcelled Hibernat  Hex/Ice        ##....       10%         2    ##.....
c - Confusing Touch       Hex            ###.....     7%          3    ###....

Your spell library contained the following spells:

 Spells                   Type           Power        Failure   Level  Hunger
 Tukima's Dance           Hex            ###.....     7%          3    ###....
 Dazzling Flash           Conj/Hex       ##....       21%         3    ###....


Dungeon Overview and Level Annotations

Branches:
Dungeon (3/15)

Altars:
Cheibriados
Uskayaw
Xom

Annotations:
D:3 exclusions: orc, orc priest and orc wizard


Innate Abilities, Weirdness & Mutations

You cannot wear armour.
You are incapable of wielding weapons or throwing items.
Your paws allow you to move quietly. (Stealth)
You have sharp claws.
You have razor-sharp teeth.
You have supernaturally acute eyesight. (SInv)
You are carnivorous and can eat meat at any time.
You cover ground quickly.
You are covered in fur. (AC +1)
You have a slow metabolism.
Your sharp claws are effective at attacking unaware monsters.


Message History

Aiming: Ensorcelled Hibernation (safe; 10% risk of failure)
Press: ? - help, Shift-Dir - straight line, f - orc
Aim: an orc, wielding a +0 club and wearing a +0 leather armour (chance to defeat MR: 59%)
You miscast Ensorcelled Hibernation.
You are very lightly contaminated with residual magic.
Wisps of condensation drift from your paws.
An adder zombie comes into view.
Casting: Ensorcelled Hibernation (safe; 10% risk of failure)
Confirm with . or Enter, or press ? or * to list all spells.
Aiming: Ensorcelled Hibernation (safe; 10% risk of failure)
Press: ? - help, Shift-Dir - straight line, f/p - orc
Aim: an orc, wielding a +0 club and wearing a +0 leather armour (chance to defeat MR: 59%)
The orc resists with significant effort.
The orc priest invokes the aid of Beogh against you.
Beogh smites you!
Ouch! That really hurt!
The orc priest mumbles some strange prayers to Beogh against you.
Beogh smites you!
Ouch! That really hurt!
You die...

#......#..)......####...#)#######
.############...)))..............
#####_#.#_#⌠#....####...#.#######
#⌠.#.#.#.#.8...## ##.##.# #
#8............## ####.# #
#............## #.# #
#8.#.#.#.#.8## #.# #
####.#.#⌠#.########### #.# #
###########.@.....# #.# #
##.##.#####.# #.# #
##...#o#####.###.# #
#......##........# #
##..o#.##.##.##### #
##.##.##.##.# #
Z.....Z.).)...##.# #
#######.##.......# # #.##########
#


You could see an orc priest, an orc and an adder zombie.

Vanquished Creatures
  An orc wizard (D:3)
  Robin (D:3)
  5 adders (D:3)
  An ooze (D:1)
  A worm (D:2)
  6 dart slugs
  A leopard gecko (D:1)
  An orc (D:3)
  5 giant cockroaches
  11 goblins
  14 hobgoblins
  6 kobolds
  8 bats
  A frilled lizard (D:1)
  11 rats
73 creatures vanquished.

Notes
Turn   | Place    | Note
-------+----------+-------------------------------------------
     0 | D:1      | kae the Felid Enchanter began the quest for the Orb.
     0 | D:1      | Reached XP level 1. HP: 7/7 MP: 4/4
   317 | D:1      | Reached XP level 2. HP: 12/12 MP: 6/6
   328 | D:1      | Learned a level 2 spell: Ensorcelled Hibernation
   879 | D:1      | Reached XP level 3. HP: 15/15 MP: 7/7
  1011 | D:1      | Reached skill level 1 in Fighting
  1654 | D:2      | Learned a level 3 spell: Confusing Touch
  2166 | D:3      | Reached skill level 5 in Hexes
  2166 | D:3      | Reached XP level 4. HP: 19/19 MP: 8/8
  2171 | D:3      | Found a hide-covered altar of Uskayaw.
  2953 | D:3      | Noticed Robin
  3021 | D:3      | Slain by a kobold
  3022 | D:3      | Reached XP level 3. HP: 0/15 MP: 2/7
  3154 | D:3      | Killed Robin
  3154 | D:3      | Reached XP level 4. HP: 19/19 MP: 5/8
  3221 | D:3      | Found a shimmering altar of Xom.
  3225 | D:3      | Found a snail-covered altar of Cheibriados.
  3277 | D:3      | Reached skill level 5 in Stealth
  3284 | D:3      | Killed from afar by an orc priest

Levels and vault maps discovered:
D:1:      onia_arrival_larder, layout_loops_corners, serial_glass,
          glass_columns_c, glass_columns_b, ebering_dispersal_statue_hall
D:2:      layout_basic, first_ration
D:3:      layout_loops_corners, eat_drink_and_be_merry_uskayaw, minitemple,
          uniq_robin

Skill      XL: |  1  2  3  4 |
---------------+-------------+-----
Unarmed Combat | 2 3 |  3.1
Fighting       | 1 |  1.7
Hexes          | 5 |  5.2
Stealth        | 5 |  5.0
Dodging        | |  2.6
Spellcasting   | |  2.7

Action                   |  1- 3 |  4- 6 || total
-------------------------+-------+-------++-------
Melee: Unarmed           |    90 |    45 ||   135
       Bite              |     6 |     3 ||     9
 Cast: Corona            |     6 |     3 ||     9
       Ensorcelled Hiber |    17 |    17 ||    34
  Use: Scroll            |     8 |       ||     8
       Potion            |       |     1 ||     1
 Stab: Sleeping          |    31 |    14 ||    45
  Eat: Chunk             |    10 |     2 ||    12
Armor: Skin              |     5 |     3 ||     8
Dodge: Dodged            |    46 |    28 ||    74

Table legend:
 A = Non-vault XP
 B = Vault XP
 C = Vault XP percentage of total XP
 D = Non-vault monster count
 E = Vault monster count
 F = Vault count percentage of total count
                 A         B        C        D         E       F
            +---------+---------+-------+---------+---------+-------
      Total |     208 |      41 |  16.5 |      56 |      17 |  23.3
            +---------+---------+-------+---------+---------+-------
        D:1 |      52 |       7 |  11.9 |      25 |       5 |  16.7
        D:2 |      31 |       0 |   0.0 |      15 |       0 |   0.0
        D:3 |     125 |      34 |  21.4 |      16 |      12 |  42.9
            +---------+---------+-------+---------+---------+-------
